 Dungeon Crawl Stone Soup version 0.27-a0-789-g6bb3289e1e (webtiles) character file.

Game seed: 13275236826561670323

32 user00001 the Ducker (level 3, 28/28 HPs)
             Began as a Djinni Gladiator on Mar 26, 2021.
             Quit the game on level 2 of the Dungeon.
             The game lasted 00:01:52 (1352 turns).

user00001 the Ducker (Djinni Gladiator)             Turns: 1352, Time: 00:01:52

Health: 28/28      AC:  4    Str: 13    XL:     3   Next: 25%
Gold:   43         EV: 12    Int: 10    God:
                   SH:  0    Dex: 14

rFire    + + .     SeeInvis .   a - +0 long sword
rCold    x . .     Faith    .   (no shield)
rNeg     . . .     Spirit   .   b - +0 leather armour
rPois    ∞         Reflect  .   c - +0 helmet
rElec    .         Harm     .   (no cloak)
rCorr    .         Rampage  .   (no gloves)
Will     .....                  (boots unavailable)
Stlth    +.........             (no amulet)
HPRegen  0.09/turn              (no ring)
MPRegen  0.00/turn              (no ring)

@: flying
A: fire resistance 2, cold vulnerability 1, float, innate caster, hp casting,
extra vitality 1
a: no special abilities


You were on level 2 of the Dungeon.
You visited 1 branch of the dungeon, and saw 2 of its levels.

You collected 43 gold pieces.

Inventory:

Hand Weapons
 a - a +0 long sword (weapon)
Missiles
 d - 3 throwing nets (quivered)
Armour
 b - a +0 leather armour (worn)
 c - a +0 helmet (worn)
 f - a +0 cloak
 j - a +0 ring mail
Scrolls
 e - a scroll of teleportation {unknown}
 g - 2 scrolls of fog {unknown}
 h - a scroll of enchant weapon {unknown}
 i - a scroll of amnesia {unknown}


   Skills:
 + Level 2.2 Fighting
 + Level 3.3 Long Blades
 + Level 1.6 Throwing
 + Level 0.2 Armour
 + Level 3.7 Dodging


You had one spell level left.
You knew the following spells:

 Your Spells              Type           Power      Damage    Failure   Level
a - Animate Skeleton      Necr           0%         N/A       43%         1
Your spell library was empty.

Dungeon Overview and Level Annotations

Branches:
Dungeon (2/15)

Altars:


Innate Abilities, Weirdness & Mutations

You are immune to poison.
Your flesh is very heat resistant. (rF++)
You are vulnerable to cold. (rC-)
You float through the air rather than walking.
You learn spells naturally, not from books.
Your magical power is your life essence.
You have superior vitality. (+4 HP)


Message History

You kill the worm!
You start resting.
Your rat skeleton crumbles into dust!
HP restored.
A ball python comes into view.
The ball python hisses angrily.
You slash the ball python!
You kill the ball python!
A rat comes into view.
The rat bites you.
You see here a ball python corpse.
You hit the rat.
The rat is heavily wounded.
The rat barely misses you.
You riposte.
You barely miss the rat.
The rat is heavily wounded.
You closely miss the rat.
The rat is heavily wounded.
The rat closely misses you.
You riposte.
You slash the rat!
You kill the rat!
No target in view!
No target in view!
You see here a rat corpse.
A kobold comes into view. It is wielding a +0 club.
Found a leather armour.
Casting: Animate Skeleton (safe; 43% risk of failure)
Confirm with . or Enter, or press ? or * to list all spells.
You miscast Animate Skeleton.
You are very lightly contaminated with residual magic.
Nothing appears to happen.
You hit the kobold but do no damage. The kobold hits you with a +0 club.
You hit the kobold.
You kill the kobold!
No target in view!
No target in view!
No target in view!
Your magical contamination has completely faded away.
A giant cockroach comes into view.
Things that are here:
a +0 club; a stone; a kobold corpse Are you sure you want to abandon this character and quit the game? (Confirm with "yes".)

#.# ### #.# #...#
#.# ## #. #..# #.#
.#. #..# #.# ##..
.##..##.#
#..##...##..#.#
#..@..[..##...######
#..##.B.##..#.......
##..##.##.)#########
#.#..###..#.#
##.#†.#..#.##
#.#†#...#.#.#
#############


You could see a giant cockroach.

Vanquished Creatures
  A worm (D:2)
  A bat (D:1)
  2 giant cockroaches (D:1)
  3 goblins (D:1)
  3 hobgoblins (D:1)
  5 jackals (D:1)
  A quokka (D:1)
  4 ball pythons
  3 kobolds
  2 rats (D:2)
25 creatures vanquished.

Notes
Turn   | Place    | Note
-------+----------+-------------------------------------------
     0 | D:1      | user00001 the Djinni Gladiator began the quest for the Orb.
     0 | D:1      | Reached XP level 1. HP: 18/18 MP: 0/0
   396 | D:1      | Reached XP level 2. HP: 20/23 MP: 0/0
   840 | D:1      | Reached XP level 3. HP: 25/28 MP: 0/0
   840 | D:1      | Learned a level 1 spell: Animate Skeleton
  1352 | D:2      | Quit the game

Illustrated notes

Levels and vault maps discovered:
D:1:      scummos_arrival_hexagon, layout_loops_ring
D:2:      minmay_diamond_boxcup, layout_basic, kennysheep_jessica_study

Skill      XL: |  1 |
---------------+----+-----
Long Blades    | 3 |  3.3
Fighting       | |  2.2
Throwing       | |  1.6
Armour         | |  0.2
Dodging        | |  3.7

Action                   || total
-------------------------++-------
Melee: Long sword        ||    63
 Cast: Animate Skeleton  ||     2
 Stab: Sleeping          ||     1
Armor: Leather armour    ||    11
Dodge: Dodged            ||    42
       Rpst.: Long sword ||    13

Table legend: (Time is in decaauts)
 A = Elapsed time spent in this place.
 B = Non-inter-level travel time spent in this place.
 C = Inter-level travel time spent in this place.
 D = Time resting spent in this place.
 E = Time spent auto-exploring this place.
 F = Levels seen in this place.
 G = Mean time per level.
                   A        B        C        D        E       F      G
               +--------+--------+--------+--------+--------+-----+--------+
         Total |   1367 |   1362 |      5 |    248 |    957 |   2 |  683.5 |
       Dungeon |   1367 |   1362 |      5 |    248 |    957 |   2 |  683.5 |
               +--------+--------+--------+--------+--------+-----+--------+

Top non-repeatable levels by time:
     D:1: 896 daAuts
     D:2: 470 daAuts
